Connexion

Rocket vs Sound Tigers

Created - 22 novembre 2023 at 05:46

Goals
1 2 3 T
Rocket 0 1 1 2
Sound Tigers 2 1 2 5
Shots
1 2 3 T
Rocket 3 12 8 23
Sound Tigers 23 9 8 40

GoalsPenalties
1st period
1. Sound Tigers , Joel Armia 25 (Ashton Sautner 26, Eric Staal 24) at 0:16
2. Sound Tigers , Joel Armia 26 (Yegor Korshkov 2, Ryan MacInnis 7) at 4:12
Philippe Myers (LAV) for Tripping (Minor) at 8:01
Jonah Gadjovich (LAV) for Goalie Interference (Minor) at 10:18
2nd period
3. Sound Tigers , Jimmy Vesey 9 (Ashton Sautner 27, Zach Bogosian 8) at 12:38
4. Rocket , Matt Luff 19 (Vladislav Kamenev 35) at 17:58
Zach Bogosian (BRP) for Fighting (Major) at 19:57
Andrei Mironov (LAV) for Fighting (Major) at 19:57
Ashton Sautner (BRP) for Roughing (Double Minor) at 19:57
Samuel Blais (LAV) for Elbowing (Minor) at 19:57
Joel Armia (BRP) for Hooking (Minor) at 19:57
3rd period
5. Rocket , Michael Dal Colle 14 (Rinat Valiev 14, Kale Clague 18) at 0:54 (PP)
6. Sound Tigers , Yegor Korshkov 2 (Zach Bogosian 9) at 14:58
7. Sound Tigers , Tyler Pitlick 15 (Trevor Van Riemsdyk 8, Christian Wolanin 23) at 15:54
Andrei Mironov (LAV) for Roughing (Minor) at 7:06
Alex Lyon (BRP) for Slashing (Minor) at 10:19 - Zach Bogosian served the penalty.
Joel Armia (BRP) for Hooking (Minor) at 17:33
Goalie Stats
James Reimer (LAV), 35 saves from 40 shots - (0,875), L, 10-13-3, 60:00 minutes
Alex Lyon (BRP), 21 saves from 23 shots - (0,913), W, 12-11-0, 60:00 minutes
3 StarsOfficial
1 - Joel Armia (BRP)
2 - Tyler Pitlick (BRP)
3 - Yegor Korshkov (BRP)
Referees : Jean Hebert and Rob Shick
Linesman : Thor Nelson and Steve Miller
Game Note
General Fight at 19:57 of 2nd period
Zach Bogosian beats up Andrei Mironov at 19:57 of 2nd period
Finance
Level 1 -- Attendance: 822 (41,10%) -- Ticket Income 53 430 $
Level 2 -- Attendance: 320 (32,00%) -- Ticket Income 16 000 $
Total Attendance: 1142 (38,07%)
Total Ticket Income: 69 430 $
Other Income: 13 886 $
Total Income: 83 316 $



Team Name Goals Shots Shots Attemp Shots Blocked PIM HIT PP PK FO%
Rocket 223421013191 / 4 (25%)041%
Sound Tigers 54076315220 / 3 (0%)159%

Rocket
Player Name POS G A P +/- PIM HIT SHT SB MP PP MP PP SHT PK MP PK SHT FO% FOT
Andrei MironovD000-2700113:010:0000:0000% 0
Brian PinhoC000000002:080:4800:0000% 0
Evan BarrattC/LW000-1000016:110:0001:02050% 6
Joel L'EsperanceC000000005:290:0000:00050% 4
Jonah GadjovichLW000-1272018:591:2910:59033% 3
Kale ClagueD011-1001221:363:0313:0000% 0
Luc SnuggerudD000-2000215:250:0000:4900% 0
Lucas JohansenD000-1002123:551:5213:1100% 0
Matt LuffRW101-2024017:012:3802:010100% 1
Michael Dal ColleLW101-2022019:092:3803:56050% 2
Mitchell StephensC000-1001018:022:1700:06037% 19
Nolan StevensC/LW000-1003015:090:0000:00018% 11
Philippe MyersD000-1220123:041:5201:5900% 0
Rinat ValievD011-1020221:423:0302:5500% 0
Sampo RantaLW/RW000-1013017:562:1700:0000% 1
Samuel BlaisLW/RW000-1222015:080:0000:0000% 1
Spencer WatsonRW000000105:290:0000:000100% 1
Vladislav KamenevC011-2012122:352:3803:50048% 33
Sound Tigers
Player Name POS G A P +/- PIM HIT SHT SB MP PP MP PP SHT PK MP PK SHT FO% FOT
Ashton SautnerD0224401123:353:1612:3500% 0
Brett RitchieRW0000012013:210:0000:0000% 1
Christian WolaninD0110022022:332:4113:4000% 0
Eric StaalC/LW0111004018:122:5530:33074% 23
Jack KopackaLW0000004013:210:0000:0000% 2
Jesper FasthLW/RW0001006021:162:5533:37050% 2
Jimmy SchuldtD0000000116:220:0002:0800% 0
Jimmy VeseyLW/RW1011002018:463:0210:000100% 1
Joel ArmiaRW2023434122:422:5522:23050% 4
Lukas SedlakC/LW0001011019:193:0200:33056% 25
Markus PhillipsD0000041014:160:0000:5300% 0
Martin PospisilC000000000:380:0000:0000% 0
Rourke ChartierC0000002015:110:0001:50071% 14
Ryan MacInnisC011200105:280:0002:08030% 10
Trevor Van RiemsdykD0110004021:532:4123:1100% 0
Tyler PitlickC/RW1011073018:463:0200:0000% 0
Yegor KorshkovLW112200104:320:0001:0200% 0
Zach BogosianD0224542020:523:1611:0400% 0



Play-by-Play

1st period


0:01 of 1st period - Eric Staal wins face-off versus Vladislav Kamenev in neutral zone.
0:16 of 1st period - Shot by Joel Armia.
0:16 of 1st period - Goal by Joel Armia - Rocket : 0 - Sound Tigers : 1.
0:17 of 1st period - Lukas Sedlak wins face-off versus Mitchell Stephens in neutral zone.
0:19 of 1st period - Christian Wolanin is hit by Rinat Valiev and loses puck.
0:34 of 1st period - Shot by Lukas Sedlak.
0:34 of 1st period - Shot Misses the Net.
0:56 of 1st period - Shot by Sampo Ranta.
0:56 of 1st period - Stopped by Alex Lyon without a rebound.
0:57 of 1st period - Rourke Chartier wins face-off versus Evan Barratt in Sound Tigers zone.
1:20 of 1st period - Shot by Jack Kopacka.
1:20 of 1st period - Stopped by James Reimer without a rebound.
1:21 of 1st period - Eric Staal wins face-off versus Vladislav Kamenev in Rocket zone.
1:47 of 1st period - Eric Staal is hit by Matt Luff and loses puck.
1:51 of 1st period - Off-side.
1:52 of 1st period - Rourke Chartier wins face-off versus Nolan Stevens in neutral zone.
1:59 of 1st period - Shot by Jack Kopacka.
1:59 of 1st period - Shot Misses the Net.
2:01 of 1st period - Shot by Jimmy Schuldt.
2:01 of 1st period - Shot Misses the Net.
2:03 of 1st period - Shot by Brett Ritchie.
2:03 of 1st period - Stopped by James Reimer without a rebound.
2:04 of 1st period - Mitchell Stephens wins face-off versus Lukas Sedlak in Rocket zone.
2:10 of 1st period - Kale Clague is hit by Tyler Pitlick and loses puck.
2:37 of 1st period - Shot by Lukas Sedlak.
2:37 of 1st period - Shot Blocked by Rinat Valiev.
2:46 of 1st period - Icing by Mitchell Stephens.
2:47 of 1st period - Eric Staal wins face-off versus Mitchell Stephens in Rocket zone.
2:58 of 1st period - Shot by Joel Armia.
2:58 of 1st period - Shot Blocked by Kale Clague.
3:06 of 1st period - Shot by Jesper Fasth.
3:06 of 1st period - Stopped by James Reimer with a rebound.
3:08 of 1st period - Shot by Zach Bogosian.
3:08 of 1st period - Stopped by James Reimer without a rebound.
3:09 of 1st period - Vladislav Kamenev wins face-off versus Jack Kopacka in Rocket zone.
3:32 of 1st period - Shot by Brett Ritchie.
3:32 of 1st period - Shot Misses the Net.
3:34 of 1st period - Shot by Markus Phillips.
3:34 of 1st period - Stopped by James Reimer with a rebound.
3:36 of 1st period - Shot by Jack Kopacka.
3:36 of 1st period - Shot Misses the Net.
3:38 of 1st period - Shot by Jack Kopacka.
3:38 of 1st period - Stopped by James Reimer without a rebound.
3:39 of 1st period - Nolan Stevens wins face-off versus Ryan MacInnis in Rocket zone.
3:48 of 1st period - Shot by Yegor Korshkov.
3:48 of 1st period - Deflect By Joel Armia.
3:48 of 1st period - Shot Misses the Net.
4:00 of 1st period - Shot by Ryan MacInnis.
4:00 of 1st period - Shot Misses the Net.
4:12 of 1st period - Shot by Yegor Korshkov.
4:12 of 1st period - Deflect By Joel Armia.
4:12 of 1st period - Goal by Joel Armia - Rocket : 0 - Sound Tigers : 2.
4:13 of 1st period - Lukas Sedlak wins face-off versus Joel L'Esperance in neutral zone.
4:21 of 1st period - Icing by Lucas Johansen.
4:22 of 1st period - Rourke Chartier wins face-off versus Joel L'Esperance in Rocket zone.
4:31 of 1st period - Shot by Jack Kopacka.
4:31 of 1st period - Stopped by James Reimer with a rebound.
5:00 of 1st period - Shot by Rourke Chartier.
5:00 of 1st period - Stopped by James Reimer with a rebound.
6:52 of 1st period - Shot by Lukas Sedlak.
6:52 of 1st period - Deflect By Jimmy Vesey.
6:52 of 1st period - Shot Blocked by Luc Snuggerud.
7:08 of 1st period - Shot by Yegor Korshkov.
7:08 of 1st period - Shot Misses the Net.
7:10 of 1st period - Shot by Yegor Korshkov.
7:10 of 1st period - Shot Blocked by Luc Snuggerud.
7:12 of 1st period - Shot by Ryan MacInnis.
7:12 of 1st period - Stopped by James Reimer without a rebound.
7:13 of 1st period - Rourke Chartier wins face-off versus Mitchell Stephens in Rocket zone.
7:31 of 1st period - Shot by Jack Kopacka.
7:31 of 1st period - Shot Misses the Net.
7:33 of 1st period - Shot by Rourke Chartier.
7:33 of 1st period - Stopped by James Reimer without a rebound.
7:34 of 1st period - Vladislav Kamenev wins face-off versus Eric Staal in Rocket zone.
7:47 of 1st period - Philippe Myers is hit by Joel Armia and loses puck.
7:52 of 1st period - Shot by Eric Staal.
7:52 of 1st period - Stopped by James Reimer with a rebound.
8:01 of 1st period - Minor Penalty to Philippe Myers for Tripping.
8:02 of 1st period - Lukas Sedlak wins face-off versus Vladislav Kamenev in Rocket zone.
8:11 of 1st period - Shot by Tyler Pitlick.
8:11 of 1st period - Shot Misses the Net.
8:13 of 1st period - Shot by Tyler Pitlick.
8:13 of 1st period - Shot Misses the Net.
8:36 of 1st period - Icing by Lukas Sedlak.
8:37 of 1st period - Jimmy Vesey wins face-off versus Jonah Gadjovich in Sound Tigers zone.
8:39 of 1st period - Icing by Tyler Pitlick.
8:40 of 1st period - Lukas Sedlak wins face-off versus Vladislav Kamenev in Sound Tigers zone.
8:44 of 1st period - Off-side.
8:45 of 1st period - Joel Armia wins face-off versus Vladislav Kamenev in neutral zone.
8:52 of 1st period - Shot by Eric Staal.
8:52 of 1st period - Stopped by James Reimer without a rebound.
8:53 of 1st period - Eric Staal wins face-off versus Vladislav Kamenev in Rocket zone.
9:26 of 1st period - Shot by Eric Staal.
9:26 of 1st period - Stopped by James Reimer without a rebound.
9:27 of 1st period - Vladislav Kamenev wins face-off versus Lukas Sedlak in Rocket zone.
9:57 of 1st period - Shot by Trevor Van Riemsdyk.
9:57 of 1st period - Shot Blocked by Vladislav Kamenev.
10:02 of 1st period - Tyler Pitlick is hit by Rinat Valiev and loses puck.
10:18 of 1st period - Minor Penalty to Jonah Gadjovich for Goalie Interference.
10:19 of 1st period - Evan Barratt wins face-off versus Eric Staal in Rocket zone.
10:32 of 1st period - Shot by Jesper Fasth.
10:32 of 1st period - Stopped by James Reimer without a rebound.
10:33 of 1st period - Eric Staal wins face-off versus Vladislav Kamenev in Rocket zone.
10:42 of 1st period - Shot by Christian Wolanin.
10:42 of 1st period - Stopped by James Reimer without a rebound.
10:43 of 1st period - Evan Barratt wins face-off versus Lukas Sedlak in Rocket zone.
11:04 of 1st period - Shot by Ashton Sautner.
11:04 of 1st period - Stopped by James Reimer without a rebound.
11:05 of 1st period - Vladislav Kamenev wins face-off versus Eric Staal in Rocket zone.
11:18 of 1st period - Shot by Joel Armia.
11:18 of 1st period - Stopped by James Reimer without a rebound.
11:19 of 1st period - Lukas Sedlak wins face-off versus Vladislav Kamenev in Rocket zone.
11:54 of 1st period - Shot by Jimmy Vesey.
11:54 of 1st period - Stopped by James Reimer without a rebound.
11:55 of 1st period - Eric Staal wins face-off versus Evan Barratt in Rocket zone.
12:00 of 1st period - Shot by Jesper Fasth.
12:00 of 1st period - Stopped by James Reimer with a rebound.
12:02 of 1st period - Shot by Jesper Fasth.
12:02 of 1st period - Shot Blocked by Kale Clague.
12:04 of 1st period - Shot by Joel Armia.
12:04 of 1st period - Deflect By Eric Staal.
12:04 of 1st period - Shot Misses the Net.
12:06 of 1st period - Shot by Trevor Van Riemsdyk.
12:06 of 1st period - Stopped by James Reimer without a rebound.
12:07 of 1st period - Vladislav Kamenev wins face-off versus Eric Staal in Rocket zone.
12:22 of 1st period - Jimmy Schuldt is hit by Jonah Gadjovich and loses puck.
12:50 of 1st period - Jonah Gadjovich is hit by Markus Phillips and loses puck.
13:07 of 1st period - Jimmy Schuldt is hit by Samuel Blais and loses puck.
14:21 of 1st period - Shot by Jimmy Vesey.
14:21 of 1st period - Shot Blocked by Lucas Johansen.
15:15 of 1st period - Shot by Joel Armia.
15:15 of 1st period - Shot Misses the Net.
15:49 of 1st period - Off-side.
15:50 of 1st period - Eric Staal wins face-off versus Mitchell Stephens in neutral zone.
15:50 of 1st period - Joel Armia is hit by Jonah Gadjovich and loses puck.
16:29 of 1st period - Shot by Sampo Ranta.
16:29 of 1st period - Stopped by Alex Lyon with a rebound.
17:33 of 1st period - Shot by Jack Kopacka.
17:33 of 1st period - Shot Misses the Net.
17:49 of 1st period - Shot by Rourke Chartier.
17:49 of 1st period - Shot Misses the Net.
17:51 of 1st period - Shot by Brett Ritchie.
17:51 of 1st period - Shot Misses the Net.
17:53 of 1st period - Shot by Rourke Chartier.
17:53 of 1st period - Shot Misses the Net.
17:55 of 1st period - Shot by Brett Ritchie.
17:55 of 1st period - Shot Misses the Net.
18:01 of 1st period - Shot by Rourke Chartier.
18:01 of 1st period - Shot Misses the Net.
18:03 of 1st period - Shot by Brett Ritchie.
18:03 of 1st period - Deflect By Jack Kopacka.
18:03 of 1st period - Stopped by James Reimer without a rebound.
18:04 of 1st period - Mitchell Stephens wins face-off versus Ryan MacInnis in Rocket zone.
18:21 of 1st period - Shot by Ryan MacInnis.
18:21 of 1st period - Shot Misses the Net.
19:11 of 1st period - Matt Luff is hit by Tyler Pitlick and loses puck.
19:20 of 1st period - Shot by Vladislav Kamenev.
19:20 of 1st period - Stopped by Alex Lyon with a rebound.
19:22 of 1st period - Shot by Vladislav Kamenev.
19:22 of 1st period - Shot Blocked by Ashton Sautner.
19:24 of 1st period - Shot by Matt Luff.
19:24 of 1st period - Shot Misses the Net.
19:51 of 1st period - Icing by Markus Phillips.
19:52 of 1st period - Eric Staal wins face-off versus Nolan Stevens in Sound Tigers zone.
Goals for this period are 0 for Rocket vs 2 for Sound Tigers.
Shots for this period are 3 for Rocket vs 23 for Sound Tigers.

2nd period


0:01 of 2nd period - Eric Staal wins face-off versus Vladislav Kamenev in neutral zone.
0:01 of 2nd period - Eric Staal is hit by Matt Luff.
0:42 of 2nd period - Icing by Philippe Myers.
0:43 of 2nd period - Vladislav Kamenev wins face-off versus Lukas Sedlak in Rocket zone.
1:18 of 2nd period - Jonah Gadjovich is hit by Lukas Sedlak and loses puck.
2:51 of 2nd period - Shot by Eric Staal.
2:51 of 2nd period - Deflect By Jesper Fasth.
2:51 of 2nd period - Stopped by James Reimer with a rebound.
3:26 of 2nd period - Ashton Sautner is hit by Philippe Myers.
4:10 of 2nd period - Shot by Tyler Pitlick.
4:10 of 2nd period - Shot Misses the Net.
4:12 of 2nd period - Shot by Christian Wolanin.
4:12 of 2nd period - Stopped by James Reimer without a rebound.
4:13 of 2nd period - Rourke Chartier wins face-off versus Nolan Stevens in Rocket zone.
5:18 of 2nd period - Shot by Christian Wolanin.
5:18 of 2nd period - Shot Misses the Net.
5:20 of 2nd period - Shot by Trevor Van Riemsdyk.
5:20 of 2nd period - Stopped by James Reimer without a rebound.
5:21 of 2nd period - Lukas Sedlak wins face-off versus Vladislav Kamenev in Rocket zone.
5:30 of 2nd period - Shot by Tyler Pitlick.
5:30 of 2nd period - Stopped by James Reimer without a rebound.
5:31 of 2nd period - Lukas Sedlak wins face-off versus Vladislav Kamenev in Rocket zone.
5:46 of 2nd period - Matt Luff is hit by Tyler Pitlick and loses puck.
6:16 of 2nd period - Icing by Trevor Van Riemsdyk.
6:17 of 2nd period - Lukas Sedlak wins face-off versus Mitchell Stephens in Sound Tigers zone.
6:21 of 2nd period - Christian Wolanin is hit by Jonah Gadjovich and loses puck.
6:27 of 2nd period - Trevor Van Riemsdyk is hit by Philippe Myers and loses puck.
6:38 of 2nd period - Zach Bogosian is hit by Jonah Gadjovich.
6:41 of 2nd period - Eric Staal is hit by Sampo Ranta and loses puck.
7:01 of 2nd period - Icing by Ashton Sautner.
7:02 of 2nd period - Eric Staal wins face-off versus Nolan Stevens in Sound Tigers zone.
7:25 of 2nd period - Shot by Evan Barratt.
7:25 of 2nd period - Deflect By Nolan Stevens.
7:25 of 2nd period - Stopped by Alex Lyon without a rebound.
7:26 of 2nd period - Vladislav Kamenev wins face-off versus Brett Ritchie in Sound Tigers zone.
7:57 of 2nd period - Shot by Matt Luff.
7:57 of 2nd period - Stopped by Alex Lyon with a rebound.
8:51 of 2nd period - Shot by Tyler Pitlick.
8:51 of 2nd period - Shot Misses the Net.
8:53 of 2nd period - Shot by Trevor Van Riemsdyk.
8:53 of 2nd period - Stopped by James Reimer without a rebound.
8:54 of 2nd period - Eric Staal wins face-off versus Mitchell Stephens in Rocket zone.
9:03 of 2nd period - Shot by Jesper Fasth.
9:03 of 2nd period - Stopped by James Reimer without a rebound.
9:04 of 2nd period - Eric Staal wins face-off versus Mitchell Stephens in Rocket zone.
9:12 of 2nd period - Kale Clague is hit by Joel Armia and loses puck.
9:21 of 2nd period - Icing by Joel Armia.
9:22 of 2nd period - Vladislav Kamenev wins face-off versus Joel Armia in Sound Tigers zone.
9:23 of 2nd period - Shot by Michael Dal Colle.
9:23 of 2nd period - Stopped by Alex Lyon without a rebound.
9:24 of 2nd period - Vladislav Kamenev wins face-off versus Lukas Sedlak in Sound Tigers zone.
9:33 of 2nd period - Christian Wolanin is hit by Michael Dal Colle and loses puck.
10:00 of 2nd period - Shot by Matt Luff.
10:00 of 2nd period - Stopped by Alex Lyon with a rebound.
10:02 of 2nd period - Shot by Kale Clague.
10:02 of 2nd period - Shot Misses the Net.
10:37 of 2nd period - Shot by Sampo Ranta.
10:37 of 2nd period - Stopped by Alex Lyon with a rebound.
11:01 of 2nd period - Shot by Jesper Fasth.
11:01 of 2nd period - Shot Blocked by Philippe Myers.
11:12 of 2nd period - Icing by Philippe Myers.
11:13 of 2nd period - Mitchell Stephens wins face-off versus Jack Kopacka in Rocket zone.
11:13 of 2nd period - Mitchell Stephens is hit by Brett Ritchie.
11:33 of 2nd period - Shot by Nolan Stevens.
11:33 of 2nd period - Stopped by Alex Lyon without a rebound.
11:34 of 2nd period - Matt Luff wins face-off versus Ryan MacInnis in Sound Tigers zone.
11:34 of 2nd period - Matt Luff is hit by Markus Phillips.
12:34 of 2nd period - Shot by Jimmy Vesey.
12:34 of 2nd period - Shot Blocked by Rinat Valiev.
12:38 of 2nd period - Shot by Jimmy Vesey.
12:38 of 2nd period - Goal by Jimmy Vesey - Rocket : 0 - Sound Tigers : 3.
12:39 of 2nd period - Rourke Chartier wins face-off versus Evan Barratt in neutral zone.
12:53 of 2nd period - Icing by Trevor Van Riemsdyk.
12:54 of 2nd period - Mitchell Stephens wins face-off versus Rourke Chartier in Sound Tigers zone.
13:28 of 2nd period - Shot by Mitchell Stephens.
13:28 of 2nd period - Stopped by Alex Lyon without a rebound.
13:29 of 2nd period - Eric Staal wins face-off versus Nolan Stevens in Sound Tigers zone.
13:59 of 2nd period - Evan Barratt is hit by Zach Bogosian and loses puck.
14:32 of 2nd period - Vladislav Kamenev is hit by Zach Bogosian and loses puck.
14:49 of 2nd period - Shot by Vladislav Kamenev.
14:49 of 2nd period - Stopped by Alex Lyon without a rebound.
14:50 of 2nd period - Mitchell Stephens wins face-off versus Lukas Sedlak in Sound Tigers zone.
15:10 of 2nd period - Off-side.
15:11 of 2nd period - Rourke Chartier wins face-off versus Samuel Blais in neutral zone.
15:13 of 2nd period - Off-side.
15:14 of 2nd period - Rourke Chartier wins face-off versus Nolan Stevens in neutral zone.
15:20 of 2nd period - Shot by Brett Ritchie.
15:20 of 2nd period - Stopped by James Reimer with a rebound.
16:47 of 2nd period - Shot by Matt Luff.
16:47 of 2nd period - Stopped by Alex Lyon without a rebound.
16:48 of 2nd period - Jesper Fasth wins face-off versus Mitchell Stephens in Sound Tigers zone.
17:12 of 2nd period - Shot by Mitchell Stephens.
17:12 of 2nd period - Shot Misses the Net.
17:17 of 2nd period - Icing by Ashton Sautner.
17:18 of 2nd period - Joel L'Esperance wins face-off versus Eric Staal in Sound Tigers zone.
17:27 of 2nd period - Shot by Spencer Watson.
17:27 of 2nd period - Stopped by Alex Lyon with a rebound.
17:30 of 2nd period - Icing by Jesper Fasth.
17:31 of 2nd period - Eric Staal wins face-off versus Nolan Stevens in Sound Tigers zone.
17:54 of 2nd period - Shot by Samuel Blais.
17:54 of 2nd period - Stopped by Alex Lyon without a rebound.
17:55 of 2nd period - Vladislav Kamenev wins face-off versus Lukas Sedlak in Sound Tigers zone.
17:58 of 2nd period - Shot by Matt Luff.
17:58 of 2nd period - Goal by Matt Luff - Rocket : 1 - Sound Tigers : 3.
17:59 of 2nd period - Vladislav Kamenev wins face-off versus Lukas Sedlak in neutral zone.
17:59 of 2nd period - Matt Luff is hit by Tyler Pitlick.
18:08 of 2nd period - Icing by Trevor Van Riemsdyk.
18:09 of 2nd period - Lukas Sedlak wins face-off versus Mitchell Stephens in Sound Tigers zone.
18:14 of 2nd period - Shot by Tyler Pitlick.
18:14 of 2nd period - Stopped by James Reimer without a rebound.
18:15 of 2nd period - Lukas Sedlak wins face-off versus Vladislav Kamenev in Rocket zone.
18:21 of 2nd period - Vladislav Kamenev is hit by Tyler Pitlick.
19:12 of 2nd period - Mitchell Stephens is hit by Zach Bogosian and loses puck.
19:39 of 2nd period - Jonah Gadjovich is hit by Zach Bogosian and loses puck.
19:57 of 2nd period - Zach Bogosian beats up Andrei Mironov.
19:57 of 2nd period - Penalty to Zach Bogosian for Fighting.
19:57 of 2nd period - Penalty to Andrei Mironov for Fighting.
19:57 of 2nd period - Double Minor Penalty to Ashton Sautner for Roughing.
19:57 of 2nd period - Minor Penalty to Samuel Blais for Elbowing.
19:57 of 2nd period - Minor Penalty to Joel Armia for Hooking.
19:58 of 2nd period - Ryan MacInnis wins face-off versus Michael Dal Colle in Sound Tigers zone.
Goals for this period are 1 for Rocket vs 1 for Sound Tigers.
Shots for this period are 12 for Rocket vs 9 for Sound Tigers.

3rd period


0:01 of 3rd period - Vladislav Kamenev wins face-off versus Ryan MacInnis in neutral zone.
0:10 of 3rd period - Shot by Vladislav Kamenev.
0:10 of 3rd period - Shot Misses the Net.
0:28 of 3rd period - Shot by Lucas Johansen.
0:28 of 3rd period - Stopped by Alex Lyon without a rebound.
0:29 of 3rd period - Vladislav Kamenev wins face-off versus Ryan MacInnis in Sound Tigers zone.
0:36 of 3rd period - Shot by Vladislav Kamenev.
0:36 of 3rd period - Shot Blocked by Jimmy Schuldt.
0:40 of 3rd period - Shot by Michael Dal Colle.
0:40 of 3rd period - Shot Misses the Net.
0:42 of 3rd period - Shot by Kale Clague.
0:42 of 3rd period - Shot Misses the Net.
0:54 of 3rd period - Shot by Michael Dal Colle.
0:54 of 3rd period - Goal by Michael Dal Colle - Rocket : 2 - Sound Tigers : 3.
0:55 of 3rd period - Jonah Gadjovich wins face-off versus Rourke Chartier in neutral zone.
1:10 of 3rd period - Shot by Matt Luff.
1:10 of 3rd period - Deflect By Jonah Gadjovich.
1:10 of 3rd period - Shot Misses the Net.
1:32 of 3rd period - Trevor Van Riemsdyk is hit by Jonah Gadjovich and loses puck.
2:14 of 3rd period - Shot by Kale Clague.
2:14 of 3rd period - Stopped by Alex Lyon with a rebound.
2:16 of 3rd period - Shot by Rinat Valiev.
2:16 of 3rd period - Shot Misses the Net.
2:58 of 3rd period - Shot by Evan Barratt.
2:58 of 3rd period - Shot Misses the Net.
3:03 of 3rd period - Off-side.
3:04 of 3rd period - Rourke Chartier wins face-off versus Nolan Stevens in neutral zone.
3:04 of 3rd period - Rourke Chartier is hit by Samuel Blais.
3:14 of 3rd period - Off-side.
3:15 of 3rd period - Spencer Watson wins face-off versus Lukas Sedlak in neutral zone.
4:05 of 3rd period - Shot by Jonah Gadjovich.
4:05 of 3rd period - Stopped by Alex Lyon without a rebound.
4:06 of 3rd period - Eric Staal wins face-off versus Sampo Ranta in Sound Tigers zone.
4:11 of 3rd period - Joel Armia is hit by Jonah Gadjovich and loses puck.
4:33 of 3rd period - Shot by Joel Armia.
4:33 of 3rd period - Shot Misses the Net.
4:38 of 3rd period - Mitchell Stephens is hit by Christian Wolanin and loses puck.
4:54 of 3rd period - Nolan Stevens is hit by Christian Wolanin and loses puck.
5:48 of 3rd period - Off-side.
5:49 of 3rd period - Joel L'Esperance wins face-off versus Lukas Sedlak in neutral zone.
5:56 of 3rd period - Icing by Jimmy Schuldt.
5:57 of 3rd period - Lukas Sedlak wins face-off versus Vladislav Kamenev in Sound Tigers zone.
6:04 of 3rd period - Shot by Matt Luff.
6:04 of 3rd period - Shot Misses the Net.
6:24 of 3rd period - Shot by Lukas Sedlak.
6:24 of 3rd period - Stopped by James Reimer without a rebound.
6:25 of 3rd period - Mitchell Stephens wins face-off versus Rourke Chartier in Rocket zone.
6:49 of 3rd period - Icing by Ashton Sautner.
6:50 of 3rd period - Nolan Stevens wins face-off versus Rourke Chartier in Sound Tigers zone.
7:06 of 3rd period - Minor Penalty to Andrei Mironov for Roughing.
7:07 of 3rd period - Vladislav Kamenev wins face-off versus Jesper Fasth in Rocket zone.
7:34 of 3rd period - Shot by Joel Armia.
7:34 of 3rd period - Shot Misses the Net.
7:36 of 3rd period - Shot by Eric Staal.
7:36 of 3rd period - Stopped by James Reimer without a rebound.
7:37 of 3rd period - Vladislav Kamenev wins face-off versus Lukas Sedlak in Rocket zone.
7:37 of 3rd period - Vladislav Kamenev is hit by Tyler Pitlick.
7:53 of 3rd period - Shot by Zach Bogosian.
7:53 of 3rd period - Stopped by James Reimer with a rebound.
8:28 of 3rd period - Icing by Joel Armia.
8:29 of 3rd period - Eric Staal wins face-off versus Vladislav Kamenev in Sound Tigers zone.
8:29 of 3rd period - Eric Staal is hit by Vladislav Kamenev.
8:57 of 3rd period - Shot by Jesper Fasth.
8:57 of 3rd period - Shot Misses the Net.
8:59 of 3rd period - Shot by Trevor Van Riemsdyk.
8:59 of 3rd period - Stopped by James Reimer with a rebound.
9:01 of 3rd period - Shot by Joel Armia.
9:01 of 3rd period - Stopped by James Reimer with a rebound.
9:03 of 3rd period - Shot by Jesper Fasth.
9:03 of 3rd period - Stopped by James Reimer without a rebound.
9:04 of 3rd period - Lukas Sedlak wins face-off versus Jonah Gadjovich in Rocket zone.
9:44 of 3rd period - Jonah Gadjovich is hit by Markus Phillips.
10:19 of 3rd period - Shot by Samuel Blais.
10:19 of 3rd period - Stopped by Alex Lyon without a rebound.
10:19 of 3rd period - Minor Penalty to Alex Lyon for Slashing.
10:20 of 3rd period - Joel Armia wins face-off versus Vladislav Kamenev in Sound Tigers zone.
10:31 of 3rd period - Jesper Fasth is hit by Michael Dal Colle.
10:35 of 3rd period - Vladislav Kamenev is hit by Joel Armia and loses puck.
11:10 of 3rd period - Icing by Michael Dal Colle.
11:11 of 3rd period - Vladislav Kamenev wins face-off versus Joel Armia in Rocket zone.
11:57 of 3rd period - Shot by Sampo Ranta.
11:57 of 3rd period - Shot Blocked by Joel Armia.
11:59 of 3rd period - Shot by Jonah Gadjovich.
11:59 of 3rd period - Shot Misses the Net.
12:42 of 3rd period - Luc Snuggerud is hit by Markus Phillips and loses puck.
13:20 of 3rd period - Shot by Sampo Ranta.
13:20 of 3rd period - Deflect By Mitchell Stephens.
13:20 of 3rd period - Shot Misses the Net.
13:22 of 3rd period - Shot by Jonah Gadjovich.
13:22 of 3rd period - Shot Misses the Net.
13:38 of 3rd period - Shot by Sampo Ranta.
13:38 of 3rd period - Shot Misses the Net.
14:36 of 3rd period - Shot by Evan Barratt.
14:36 of 3rd period - Shot Misses the Net.
14:38 of 3rd period - Shot by Nolan Stevens.
14:38 of 3rd period - Stopped by Alex Lyon without a rebound.
14:39 of 3rd period - Mitchell Stephens wins face-off versus Ryan MacInnis in Sound Tigers zone.
14:58 of 3rd period - Shot by Yegor Korshkov.
14:58 of 3rd period - Goal by Yegor Korshkov - Rocket : 2 - Sound Tigers : 4.
14:59 of 3rd period - Eric Staal wins face-off versus Vladislav Kamenev in neutral zone.
15:10 of 3rd period - Shot by Eric Staal.
15:10 of 3rd period - Shot Blocked by Andrei Mironov.
15:54 of 3rd period - Shot by Tyler Pitlick.
15:54 of 3rd period - Goal by Tyler Pitlick - Rocket : 2 - Sound Tigers : 5.
15:55 of 3rd period - Rourke Chartier wins face-off versus Mitchell Stephens in neutral zone.
16:03 of 3rd period - Icing by Lucas Johansen.
16:04 of 3rd period - Lukas Sedlak wins face-off versus Mitchell Stephens in Rocket zone.
16:46 of 3rd period - Tyler Pitlick is hit by Jonah Gadjovich and loses puck.
16:54 of 3rd period - Icing by Lukas Sedlak.
16:55 of 3rd period - Lukas Sedlak wins face-off versus Nolan Stevens in Sound Tigers zone.
17:09 of 3rd period - Icing by Rinat Valiev.
17:10 of 3rd period - Evan Barratt wins face-off versus Eric Staal in Rocket zone.
17:33 of 3rd period - Minor Penalty to Joel Armia for Hooking.
17:34 of 3rd period - Michael Dal Colle wins face-off versus Ryan MacInnis in Sound Tigers zone.
17:47 of 3rd period - Shot by Lucas Johansen.
17:47 of 3rd period - Stopped by Alex Lyon without a rebound.
17:48 of 3rd period - Ryan MacInnis wins face-off versus Mitchell Stephens in Sound Tigers zone.
18:25 of 3rd period - Shot by Jonah Gadjovich.
18:25 of 3rd period - Stopped by Alex Lyon without a rebound.
18:26 of 3rd period - Ryan MacInnis wins face-off versus Vladislav Kamenev in Sound Tigers zone.
18:33 of 3rd period - Shot by Vladislav Kamenev.
18:33 of 3rd period - Shot Misses the Net.
19:52 of 3rd period - Evan Barratt is hit by Tyler Pitlick and loses puck.
Goals for this period are 1 for Rocket vs 2 for Sound Tigers.
Shots for this period are 8 for Rocket vs 8 for Sound Tigers.